 Dungeon Crawl Stone Soup version 0.18-a0-949-g5bbc315 (webtiles) character file.

193 Oddball22 the Stinger (level 5, -2/38 HPs)
             Began as a Demonspawn Venom Mage on Dec 30, 2015.
             Was a Follower of Dithmenos.
             Slain by a wyvern (10 damage)
             ... on level 4 of the Dungeon.
             The game lasted 00:07:59 (2626 turns).

Oddball22 the Stinger (Demonspawn Venom Mage)       Turns: 2626, Time: 00:08:00

Health: -2/38      AC:  5    Str:  8    XL:     5   Next: 43%
Magic:  6/9        EV: 13    Int: 16    God:    Dithmenos [*.....]
Gold:   142        SH:  0    Dex: 15    Spells: 4 memorised, 0 levels left

rFire  . . .     SeeInvis .     e - +0 dagger
rCold  . . .     Gourm    .     a - +0 robe
rNeg   . . .     Faith    .     (no shield)
rPois  .         Spirit   .     (no helmet)
rElec  .         Dismiss  .     (no cloak)
rCorr  .         Reflect  .     (no gloves)
SustAt .         Harm     .     (no boots)
MR     .....                    (no amulet)
Stlth  ++++......               o - +2 ring of protection
                                g - ring of stealth

@: wreathed by umbra, not resistant to hostile enchantments, stealthy
A: icy blue scales 1, powered by death 1, spiny 1
a: Renounce Religion


You were on level 4 of the Dungeon.
You worshipped Dithmenos.
Dithmenos was aware of your devotion.
You were not hungry.

You visited 1 branch of the dungeon, and saw 4 of its levels.

You collected 142 gold pieces.

Inventory:

Hand Weapons
 e - a +0 dagger (weapon)
 m - a +0 dagger of venom
Armour
 a - a +0 robe (worn)
Jewellery
 g - a ring of stealth (left hand)
 o - a +2 ring of protection (right hand)
Scrolls
 j - 2 scrolls of identify {unknown}
 q - 2 scrolls of teleportation
 r - a scroll of recharging {unknown}
 s - 3 scrolls of remove curse
 v - a scroll of enchant armour {unknown}
Potions
 h - 3 potions of curing {unknown}
 l - a potion of degeneration {unknown}
 n - a potion of magic {unknown}
 p - a potion of heal wounds {unknown}
 t - a potion of brilliance {unknown}
 u - 2 potions of poison {unknown}
 w - a potion of cure mutation {unknown}
 x - a potion of beneficial mutation {unknown}
 z - a potion of agility {unknown}
Books
 b - a Young Poisoner's Handbook

   Spells                             Type                      Level
   a - Sting                          Conjuration/Poison           1
   b - Cure Poison                    Poison                       2
   c - Mephitic Cloud                 Conjuration/Poison/Air       3
   d - Olgreb's Toxic Radiance        Poison                       4
   e - Venom Bolt                     Conjuration/Poison           5
Miscellaneous
 y - a plain deck of changes
Comestibles
 c - 2 bread rations
 d - 3 meat rations
 f - a slice of pizza
 i - 8 chunks of flesh
 k - a beef jerky


   Skills:
 - Level 1.7 Fighting
 + Level 3.1 Dodging
 + Level 2.5 Stealth
 * Level 3.3 Spellcasting
 + Level 4.4 Poison Magic


You couldn't memorise any spells.
You knew the following spells:

 Your Spells              Type           Power        Failure   Level  Hunger
a - Sting                 Conj/Pois      #...         10%         1    None
b - Cure Poison           Pois           ###.......   6%          2    ##.....
c - Mephitic Cloud        Conj/Pois/Air  #.......     34%         3    ###....
d - Olgreb's Toxic Radia  Pois           ###.....     34%         4    ####...


Dungeon Overview and Level Annotations

Branches:
Dungeon (4/15)
 Temple: D:4-7

Altars:
Dithmenos
Fedhas
Nemelex Xobeh
Okawaru
Ru

Annotations:
D:3 Grinder


Innate Abilities, Weirdness & Mutations

You are partially covered in icy blue scales (AC +1).
You regenerate a little health from kills.
You are partially covered in sharp spines.


Message History

The wyvern is moderately wounded.
The wyvern is struck by your spines. The wyvern bites you.
You barely miss the wyvern.
The wyvern is moderately wounded.
The wyvern bites you. x2
You hit the wyvern.
The wyvern is heavily wounded.
The wyvern misses you.
You closely miss the wyvern.
The wyvern is heavily wounded.
The wyvern is struck by your spines. The wyvern bites you.
* * * LOW HITPOINT WARNING * * *
The wyvern is struck by your spines. The wyvern closely misses you.
You hit the wyvern but do no damage.
The wyvern is almost dead.
The wyvern bites you but does no damage.
You hit the wyvern.
The wyvern is almost dead.
The wyvern bites you!
You die...

#.##.## #.# # #.# #.# #.#
#.# ##'## #.#### ##...##
#....# ##.....## ####.#
##.......## ##.##.#
#.........####...#.######
+........('.....@l........
#.........####...#.#######
##.....).## ##.##.#
##..).<## ####.# ##.).##
... ##+## ... ...# ###


You could see a wyvern.

Vanquished Creatures
  9 gnolls
  4 adders
  3 oozes
  2 worms
  A giant gecko (D:1)
  12 goblins
  7 hobgoblins
  A quokka (D:4)
  2 ball pythons
  9 bats
  2 giant cockroaches
  A giant newt (D:2)
  2 jackals
  3 kobolds (D:1)
  9 rats
67 creatures vanquished.

Notes
Turn   | Place    | Note
--------------------------------------------------------------
     0 | D:1      | Oddball22 the Demonspawn Venom Mage began the quest for the Orb.
     0 | D:1      | Reached XP level 1. HP: 13/13 MP: 3/3
   397 | D:1      | Reached skill level 1 in Fighting
   425 | D:1      | Gained mutation: You are partially covered in sharp spines. [demonic ancestry]
   425 | D:1      | Reached XP level 2. HP: 21/21 MP: 1/5
   765 | D:1      | Reached XP level 3. HP: 27/27 MP: 6/6
  1056 | D:2      | Found a shadowy altar of Dithmenos.
  1149 | D:2      | Became a worshipper of Dithmenos the Shadowed
  1240 | D:2      | Learned a level 2 spell: Cure Poison
  1244 | D:2      | Learned a level 3 spell: Mephitic Cloud
  1481 | D:2      | Found an iron altar of Okawaru.
  2025 | D:2      | Gained mutation: You are partially covered in icy blue scales (AC +1). [demonic ancestry]
  2025 | D:2      | Reached XP level 4. HP: 33/33 MP: 7/7
  2057 | D:3      | Found a blossoming altar of Fedhas.
  2124 | D:3      | Reached * piety under Dithmenos
  2271 | D:3      | Found a sacrificial altar of Ru.
  2358 | D:3      | Gained mutation: You regenerate a little health from kills. [demonic ancestry]
  2358 | D:3      | Reached XP level 5. HP: 38/38 MP: 9/9
  2374 | D:3      | Learned a level 4 spell: Olgreb's Toxic Radiance
  2395 | D:3      | Noticed Grinder
  2422 | D:3      | Found a faded altar to an unknown god.
  2563 | D:4      | Found a sparkling altar of Nemelex Xobeh.
  2601 | D:4      | Noticed a wyvern
  2626 | D:4      | Slain by a wyvern

Vault maps used:
D:1:      ncdulo_lavacross, minmay_misc_feat_tower
D:2:      kennysheep_okawaru_gauntlet, nicolae_dithmenos_shadow_blocks
D:3:      old_standard_altar, nicolae_overflow_crystal_walls,
          ecumenical_altar_2, uniq_grinder
D:4:      lemuel_round_altar, lemuel_temple_firewalk_marked, serial_shops,
          kennysheep_little_box, nemelex_deck, uniq_eustachio, uniq_edmund

Action                   |  1- 3 |  4- 6 || total
-------------------------+-------+-------++-------
Melee: Dagger            |    50 |    54 ||   104
       Unarmed           |     1 |       ||     1
       Club              |     1 |       ||     1
 Cast: Sting             |    29 |    15 ||    44
  Use: Scroll            |     2 |       ||     2
 Stab: Sleeping          |     6 |     9 ||    15
  Eat: Chunk             |     4 |     2 ||     6
